AoeStats
← hongtinneli

Arena

506816766Analyzed
4v4 RM · 18d ago on Sep 15, 2026· 49m 14s· 8 players
Game mode
Random Map
Map size
Large (8 player)
Population
200
Speed
Normal
Resources
Standard
Victory
Conquest
Starting age
Dark Age
Ending age
Imperial Age
RankedLock teamsTeams togetherTeam positionsShared explorationLock speedFull tech treeHidden civsTurbo modeCheats
Victory
Defeat
🇹🇷 Teutons · Türkiye
899
+26
🇻🇳 Vikings · Vietnam
895
+12
🇨🇳 Khmer · China
721
+19
🇦🇺 Franks · Australia
707
+19
🇫🇷 Goths · France
836
-17
🇹🇼 Jurchens · Taiwan
828
-17
🇦🇺 Celts · Australia
801
-16
720
-12
Theoderic
10:51 Feudal Age
12:09 Wheelbarrow
11:45 Double-Bit Axe
11:53 Gold Mining
12:41 Horse Collar
20:21 Castle Age
17:49 Man-at-Arms
19:23 Stone Mining
19:24 Gold Mining
19:28 Stone Mining
20:49 Scale Mail Armor
21:24 Hand Cart
22:15 Bow Saw
25:22 Imperial Age
24:13 Gold Shaft Mining
27:45 Stone Shaft Mining
29:27 Onager
30:14 Gambesons
29:55 Pikeman
30:54 Chain Mail Armor
33:48 Heavy Scorpion
36:54 Conscription
36:47 Furor Celtica
37:05 Conscription
37:00 Heavy Plow
37:47 Siege Onager
40:07 Hoardings
40:02 Ballistics
39:55 Siege Engineers
40:00 Halberdier
40:01 Long Swordsman
PNAL | Franco El Proctologo
5:19 Loom
11:35 Feudal Age
10:38 Double-Bit Axe
13:11 Bow Saw
16:41 Stone Mining
19:46 Castle Age
18:24 Horse Collar
19:37 Heavy Plow
19:31 Gold Mining
20:18 Stone Shaft Mining
20:21 Wheelbarrow
22:55 Two-Man Saw
25:18 Forging
31:28 Imperial Age
29:16 Hand Cart
29:23 Hand Cart
36:15 Murder Holes
38:40 Flemish Revolution
Leone_Price
4:49 Loom
10:12 Feudal Age
10:36 Horse Collar
10:44 Double-Bit Axe
20:31 Castle Age
18:45 Stone Mining
18:49 Gold Mining
19:51 Forging
19:49 Scale Mail Armor
21:23 Heavy Plow
21:36 Town Watch
22:30 Wheelbarrow
23:13 Squires
27:12 Stone Shaft Mining
27:38 Caravan
28:03 Bow Saw
29:40 Hand Cart
30:40 Pikeman
35:20 Imperial Age
33:38 Iron Casting
33:19 Chain Mail Armor
32:56 Man-at-Arms
34:11 Town Patrol
34:35 Chain Mail Armor
34:11 Fletching
34:24 Murder Holes
34:54 Anarchy
35:21 Fletching
34:55 Long Swordsman
36:01 Ballistics
35:54 Masonry
37:18 Two-Man Saw
36:52 Crop Rotation
36:34 Perfusion
36:58 Conscription
36:38 Halberdier
36:41 Capped Ram
38:45 Elite Huskarl
39:41 Two-Handed Swordsman
41:43 Architecture
42:25 Blast Furnace
41:23 Bodkin Arrow
46:36 Champion
老多金仙人
1:53 Loom
10:38 Feudal Age
11:17 Gold Mining
11:15 Double-Bit Axe
17:15 Castle Age
16:09 Horse Collar
16:25 Gold Mining
17:16 Stone Mining
20:01 Fervor
26:14 Bow Saw
27:45 Wheelbarrow
28:10 Heavy Plow
28:48 Gold Shaft Mining
27:58 Treadmill Crane
29:30 Stone Shaft Mining
31:58 Imperial Age
30:06 Fortified Wall
29:53 Murder Holes
29:52 Fletching
30:11 Scale Barding Armor
31:53 Chain Barding Armor
31:44 Forging
32:31 Devotion
33:09 Conscription
33:28 Plate Barding Armor
32:56 Husbandry
33:08 Bloodlines
33:27 Hand Cart
34:29 Two-Man Saw
34:47 Ballistics
35:52 Iron Casting
35:19 Elite Steppe Lancer
36:59 Crop Rotation
36:41 Light Cavalry
41:24 Blast Furnace
Pro
5:34 Loom
12:08 Feudal Age
13:28 Double-Bit Axe
16:29 Castle Age
16:12 Gold Mining
24:12 Imperial Age
22:32 Bow Saw
26:04 Chemistry
26:08 Stone Mining
29:22 Husbandry
30:40 Gold Shaft Mining
29:36 Cavalier
30:26 Scale Barding Armor
31:31 Conscription
34:04 Wheelbarrow
33:55 Chain Barding Armor
37:12 Plate Barding Armor
36:48 Forging
36:15 Paladin
38:57 Iron Casting
42:29 Blast Furnace
47:21 Chivalry
hongtinneli
11:53 Feudal Age
18:18 Castle Age
16:06 Double-Bit Axe
16:05 Horse Collar
16:41 Gold Mining
16:44 Stone Mining
21:46 Bow Saw
24:36 Loom
26:35 Gold Shaft Mining
29:15 Imperial Age
27:38 Heavy Plow
27:41 Scale Mail Armor
27:51 Forging
27:45 Squires
27:06 Man-at-Arms
27:34 Gambesons
27:36 Arson
29:00 Chain Mail Armor
28:15 Long Swordsman
30:22 Conscription
29:43 Two-Handed Swordsman
32:13 Plate Mail Armor
32:19 Iron Casting
33:34 Champion
34:31 Chieftains
36:05 Blast Furnace
34:29 Pikeman
37:32 Two-Man Saw
46:35 Chemistry
45:16 Treadmill Crane
itsapencilcase
11:37 Feudal Age
10:54 Loom
13:05 Double-Bit Axe
15:50 Castle Age
13:51 Horse Collar
19:00 Man-at-Arms
21:24 Squires
22:19 Gambesons
22:36 Town Watch
22:56 Scale Mail Armor
23:08 Forging
23:49 Wheelbarrow
23:38 Heavy Plow
23:53 Gold Mining
23:55 Stone Mining
24:14 Long Swordsman
25:20 Bow Saw
25:22 Scale Mail Armor
27:28 Stone Shaft Mining
28:51 Hand Cart
31:30 Fortified Wall
34:11 Imperial Age
31:58 Chain Mail Armor
32:18 Iron Casting
32:42 Masonry
33:40 Fletching
33:53 Padded Archer Armor
35:29 Plate Mail Armor
35:26 Conscription
36:12 Two-Man Saw
35:54 Crop Rotation
34:59 Two-Handed Swordsman
36:43 Hoardings
37:13 Blast Furnace
35:51 Champion
36:19 Arson
37:01 Siege Engineers
37:39 Elite Teutonic Knight
38:51 Ironclad
39:00 Scale Barding Armor
38:54 Bodkin Arrow
38:52 Guard Tower
39:14 Fortified Wall
40:51 Chemistry
40:34 Caravan
40:36 Guard Tower
42:47 Keep
46:27 Guilds
46:48 Coinage
46:43 Arrowslits
zar
10:52 Feudal Age
11:28 Horse Collar
11:37 Double-Bit Axe
15:58 Castle Age
22:26 Bow Saw
26:30 Stone Mining
26:33 Gold Mining
27:31 Heavy Plow
28:36 Stone Shaft Mining
28:39 Gold Shaft Mining
35:17 Imperial Age
32:43 Fletching
32:56 Padded Archer Armor
33:05 Scale Barding Armor
33:01 Scale Mail Armor
33:12 Forging
34:04 Caravan
35:24 Heavy Scorpion
36:19 Bodkin Arrow
37:17 Double Crossbow
40:51 Bracer
41:07 Town Watch
41:57 Wheelbarrow
41:10 Loom
41:54 Town Patrol
45:21 Hand Cart
Connection lost

Rejoining the realm…

Still unreachable

The connection could not be restored.

Session expired

The server has moved on; the page needs a fresh start.